 Dungeon Sprint DCSS version 0.31.0-11-ge490571c62 (webtiles) character file.

Game seed: 17284509551739352367

1525 Amaterasu the Bludgeoner (level 8, -9/93 HPs)
             Began as an Oni Shapeshifter on Jan 28, 2024.
             Was a Believer of Vehumet.
             Shot with an arrow by a centaur warrior (21 damage)
             ... in the Dungeon (Sprint IX: "|||||||||||||||||||||||||||||").
             The game lasted 00:03:04 (334 turns).

Amaterasu the Bludgeoner (Oni Shapeshifter)          Turns: 334, Time: 00:03:05

Health: -9/93      AC:  5    Str: 21    XL:     8   Next: 84%
Magic:  8/8        EV: 10    Int: 14    God:    Vehumet [**....]
Gold:   0          SH:  0    Dex:  8    Spells: 7/7 levels left

rFire   . . .        l - +2 dire flail (heavy)
rCold   . . .        (shield currently unavailable)
rNeg    . . .        a - +0 animal skin
rPois   .            (helmet currently unavailable)
rElec   .            (cloak currently unavailable)
rCorr   .            (gloves unavailable)
SInv    .            (boots unavailable)
Will    .....        (no amulet)
Stlth   +            n - +2 ring of protection
HPRegen 0.35/turn    o - +3 ring of intelligence
MPRegen 0.11/turn

%: no teleportation
@: beast-form
A: beast (slay +4), large, unfitting armour, horns 1, tough skin 1, double
potion healing, drunken brawling
a: Begin Untransformation, Renounce Religion


You were in the Dungeon.
You worshipped Vehumet.
Vehumet was pleased with you.
You were a hulking beast.
You visited 1 branch

Inventory:

Hand Weapons
 l - a +2 heavy dire flail (weapon)
Armour
 a - a +0 animal skin (worn)
 m - a +0 cloak
Jewellery
 n - a +2 ring of protection (left hand)
 o - a +3 ring of intelligence (right hand)
Talismans
 c - a beast talisman
 d - a flux talisman
Wands
 k - a wand of acid (10)
Scrolls
 i - 2 scrolls of amnesia
 j - 2 scrolls of blinking
Potions
 e - 2 potions of curing
 g - a potion of invisibility
 h - 4 potions of magic


   Skills:
 * Level 9.9 Fighting
 - Level 15.2 Maces & Flails
 * Level 5.2 Dodging
 - Level 2.6 Unarmed Combat
 - Level 7.0 Shapeshifting


You had 7 spell levels left.
You didn't know any spells.
Your spell library was empty.

Dungeon Overview and Level Annotations

Branches:
Dungeon (1/1)

Altars:
Cheibriados
Dithmenos
Elyvilon
Fedhas
Gozag
Hepliaklqana
Kikubaaqudgha
Makhleb
Nemelex Xobeh
Okawaru
Qazlal
Ru
Sif Muna
Trog
Uskayaw
Vehumet
Wu Jian
Xom
Yredelemnul
Zin
The Shining One
Jiyva
Lugonu


Innate Abilities, Weirdness & Mutations

You are a hulking beast.
Your limbs bulge with bestial killing power. (Slay +4)
You are too large for most types of armour.
You have a pair of small horns on your head.
You have tough skin. (AC +1)
You gain doubled healing and magic from potions.
Whenever you drink a healing potion, you attack all around you.


Message History

Your Dodging skill gained 3 levels and is now at level 5!
The barbed spikes dig painfully into your body as you move.
The centaur warrior unwields a +0 shortbow.
The centaur warrior hits you! The centaur warrior kicks you.
There is an open door, spattered with blood here.
You see here a manticore corpse.
You hit the centaur warrior.
The centaur warrior is lightly wounded.
The centaur warrior hits you. The centaur warrior kicks you.
You barely miss the centaur warrior. You headbutt the centaur warrior.
The centaur warrior is lightly wounded.
The centaur warrior hits you. The centaur warrior barely misses you.
The centaur warrior hits you! The centaur warrior misses you.
You impale the centaur warrior!!
Your headbutt misses the centaur warrior.
The centaur warrior is heavily wounded.
You carefully extract the barbed spikes from your body.
The centaur warrior hits you.
The centaur warrior kicks you but does no damage.
You barely miss the centaur warrior.
You headbutt the centaur warrior, but do no damage.
The centaur warrior is heavily wounded.
The centaur warrior hits you!
* * * LOW HITPOINT WARNING * * *
The centaur warrior kicks you.
* * * LOW HITPOINT WARNING * * *
You hit the centaur warrior. You headbutt the centaur warrior.
The centaur warrior is severely wounded.
The centaur warrior hits you but does no damage.
The centaur warrior kicks you but does no damage.
The centaur warrior hits you!
* * * LOW HITPOINT WARNING * * *
The centaur warrior kicks you.
* * * LOW HITPOINT WARNING * * *
You impale the centaur warrior!!
You kill the centaur warrior!
Vehumet accepts your kill.
The centaur warrior wields a +0 shortbow.
The centaur warrior shoots an arrow.
The arrow hits you!!
You die...

▓)▓
▓)▓
▓.▓
▓.▓
▓.▓
▓.▓
▓.▓
▓.▓
▓h▓
▓)▓
▓c▓
▓H▓
▓W▓
▓H▓
▓.▓
▓+▓


You could see a centaur warrior, 2 manticores and a wraith.

Vanquished Creatures
  A centaur warrior (D)
  A two-headed ogre (D)
  A manticore (D)
  An unseen horror (D)
  A yak (D)
  A phantom (D)
  A killer bee (D)
  2 orc wizards (D)
  An iguana (D)
  An adder (D)
  A dart slug (D)
  An endoplasm (D)
  2 hobgoblins (D)
  A jackal (D)
  A quokka (D)
  A kobold (D)
18 creatures vanquished.

Notes
Turn   | Place    | Note
-------+----------+-------------------------------------------
     0 | D        | Amaterasu the Oni Shapeshifter began the quest for the Orb.
     0 | D        | Reached XP level 1. HP: 19/19 MP: 1/1
    34 | D        | Noticed an iguana
    34 | D        | Noticed a phantom
    38 | D        | Reached XP level 2. HP: 29/29 MP: 2/2
    42 | D        | Reached XP level 3. HP: 39/39 MP: 3/3
    53 | D        | Killed a phantom
    54 | D        | Reached XP level 4. HP: 44/57 MP: 4/4
    58 | D        | Reached XP level 5. HP: 43/63 MP: 5/5
    73 | D        | Found a snail-covered altar of Cheibriados.
    73 | D        | Found a shadowy altar of Dithmenos.
    73 | D        | Found a white marble altar of Elyvilon.
    73 | D        | Found a blossoming altar of Fedhas.
    73 | D        | Found an opulent altar of Gozag.
    74 | D        | Found a hazy altar of Hepliaklqana.
    75 | D        | Found a viscous altar of Jiyva.
    76 | D        | Found an ancient bone altar of Kikubaaqudgha.
    77 | D        | Found a corrupted altar of Lugonu.
    78 | D        | Found a burning altar of Makhleb.
    79 | D        | Found a sparkling altar of Nemelex Xobeh.
    80 | D        | Found an iron altar of Okawaru.
    81 | D        | Found a stormy altar of Qazlal.
    82 | D        | Found a sacrificial altar of Ru.
    83 | D        | Found a shimmering blue altar of Sif Muna.
    84 | D        | Found a bloodstained altar of Trog.
    85 | D        | Found a hide-covered altar of Uskayaw.
    86 | D        | Found a radiant altar of Vehumet.
    87 | D        | Found an ornate altar of the Wu Jian Council.
    88 | D        | Found a shimmering altar of Xom.
    89 | D        | Found a basalt altar of Yredelemnul.
    90 | D        | Found a glowing silver altar of Zin.
    91 | D        | Found a glowing golden altar of the Shining One.
    94 | D        | Became a worshipper of Vehumet
   121 | D        | Noticed a two-headed ogre
   121 | D        | Noticed a yak
   141 | D        | Reached skill level 4 in Maces & Flails
   142 | D        | Reached skill level 5 in Maces & Flails
   158 | D        | Killed an unseen horror
   158 | D        | Reached * piety under Vehumet
   158 | D        | Offered knowledge of Magic Dart by Vehumet.
   159 | D        | Reached skill level 10 in Maces & Flails
   159 | D        | Reached XP level 6. HP: 37/72 MP: 6/6
   159 | D        | Reached XP level 7. HP: 41/80 MP: 7/7
   161 | D        | Killed a two-headed ogre
   162 | D        | Reached skill level 14 in Maces & Flails
   162 | D        | Reached XP level 8. HP: 18/88 MP: 8/8
   164 | D        | Killed a yak
   165 | D        | Reached skill level 15 in Maces & Flails
   166 | D        | Reached ** piety under Vehumet
   323 | D        | Noticed a manticore
   323 | D        | Noticed a centaur warrior
   323 | D        | Noticed a centaur warrior
   323 | D        | Noticed a wraith
   323 | D        | Noticed a manticore
   323 | D        | Noticed a manticore
   327 | D        | Killed a manticore
   327 | D        | Offered knowledge of Kiss of Death by Vehumet.
   328 | D        | Reached skill level 5 in Dodging
   334 | D        | Killed a centaur warrior
   334 | D        | Shot with an arrow by a centaur warrior

Illustrated notes

Levels and vault maps discovered:
D:        linesprint [early_d, line_temple, items_1, d_10, items_2, lair_1,
          lair_end, items_3, orc_1, orc_end, items_4, d_15, swamp_1, shoals_1,
          snake_1, spider_1, d_20, vaults_1, items_5, swamp_end, shoals_end,
          snake_end, spider_end, vaults_end, d_27, items_6, zot_1, zot_end,
          crypt_end, forest_end, elf_end, slime_end, tomb_end, abyss_end,
          pan_hell_end]

Skill      XL: |  1  2  3  4  5  6  7  8 |
---------------+-------------------------+-----
Fighting       | 2 3 8 9 |  9.9
Shapeshifting  | 4 6 7 |  7.0
Dodging        | 2 5 |  5.2
Maces & Flails | 10 14 15 | 15.2
Unarmed Combat | |  2.6

Action                     |  1- 3 |  4- 6 |  7- 9 || total
---------------------------+-------+-------+-------++-------
  Melee: Unarmed           |    27 |     4 |       ||    31
         Headbutt          |     3 |     4 |     3 ||    10
         Punch             |     1 |       |       ||     1
         Dire flail        |       |    31 |    13 ||    44
    Use: Potion            |     2 |     5 |     2 ||     9
 Armour: Animal skin       |    11 |    39 |    24 ||    74
         Skin              |       |    58 |       ||    58
  Dodge: Dodged            |     7 |    16 |     4 ||    27
